 Dungeon Crawl Stone Soup version 0.15.0-12-gccce430 (webtiles) character file.

2247 Kejsarherre the Basher (level 9, -1/97 HPs)
             Began as an Ogre Hunter on Sept 2, 2014.
             Was a Follower of Trog.
             Slain by a wight
             ... wielding a cursed +0 halberd
              (14 damage)
             ... on Level 6 of the Dungeon.
             The game lasted 00:17:13 (4974 turns).

Kejsarherre the Basher (Ogre Hunter)                Turns: 4974, Time: 00:17:14

HP  -1/97        AC  3     Str 22      XL: 9   Next: 37%
MP   9/9         EV  9     Int 10      God: Trog [*.....]
Gold 266         SH  0     Dex 10      Spells:  0 memorised,  8 levels left

rFire  . . .     SeeInvis .     s - +2 giant spiked club
rCold  . . .     Clarity  .     d - +0 animal skin
rNeg   . . .     rCorr    .     (shield restricted)
rPois  .         rRot     .     (helmet restricted)
rElec  .         Spirit   .     (no cloak)
SustAb .         Warding  .     (gloves unavailable)
rMut   .         Stasis   .     (boots unavailable)
Gourm  .                        (no amulet)
MR     .....                    (no ring)
                                (no ring)

@: heavily drained, not resistant to hostile enchantments, very unstealthy
A: unfitting armour, tough skin 1
a: Burn Spellbooks, Berserk, Renounce Religion


You were on level 6 of the Dungeon.
You worshipped Trog.
Trog was aware of your devotion.
You were not hungry.

You visited 2 branches of the dungeon, and saw 7 of its levels.

You collected 266 gold pieces.

Inventory:

Hand weapons
 s - a +2 giant spiked club (weapon)
Missiles
 c - a throwing net (quivered)
Armour
 d - a +0 animal skin (worn)
Comestibles
 a - 5 bread rations
 f - 5 meat rations
 g - 17 fruits
 h - 4 rotting chunks of ogre flesh
 o - 5 chunks of ogre flesh
 r - a beef jerky
 v - a royal jelly
Scrolls
 b - a scroll of fear {unknown}
 e - 2 scrolls of recharging
 i - 3 scrolls of blinking
 j - 3 scrolls of teleportation
 m - a scroll of enchant armour
 n - 3 scrolls of remove curse
 q - a scroll of magic mapping
Potions
 k - 3 potions of brilliance {unknown}
 l - a potion of confusion {unknown}
 u - a potion of might
 x - a potion of cancellation
 z - a potion of curing
 C - a potion of resistance


   Skills:
 + Level 8.8(7.4) Fighting
 + Level 11.6(10.0) Maces & Flails
 + Level 7.0(5.6) Throwing
 - Level 1.7(0.5) Dodging
 - Level 0.7(0.0) Stealth


You had 8 spell levels left.
You didn't know any spells.

Dungeon Overview and Level Annotations

Branches:
Dungeon (6/15)             Temple (1/1) D:4

Altars:
Ashenzari
Cheibriados
Dithmenos
Elyvilon
Fedhas
Qazlal
Trog
Vehumet
Xom
Yredelemnul
Zin
The Shining One


Innate Abilities, Weirdness & Mutations

You are too large for most types of armour.
You have tough skin (AC +1).


Message History

You closely miss the wight.
The wight is moderately damaged.
The wight barely misses you.
You hit the wight but do no damage.
The wight is moderately damaged.
The wight closely misses you.
You hit the wight.
The wight is heavily damaged.
The wight hits you with a halberd.
* * * LOW HITPOINT WARNING * * *
You barely miss the wight.
The wight is heavily damaged.
The wight hits you with a halberd.
* * * LOW HITPOINT WARNING * * *
You feel drained.
* * * LOW HITPOINT WARNING * * *
You hit the wight but do no damage.
The wight is heavily damaged.
The wight hits you with a halberd!
You die...

# . ### .# #...#.
...#. ..) ..
#z######.# ..
##@......# #..
##...####.# . ##..
##....# ...#
###...##>)#..#
....##........###..#
# .....###...# #..#
#..#####.## ..(.
#...#.....# #..#
#......##.(# .#


You could see a wight.

Vanquished Creatures
  The ghost of salade2fruit the Basher, an experienced OgCK of Xom (D:5)
  A water moccasin (D:3)
  A sky beast (D:5)
  A black bear (D:6)
  6 ogres
  2 scorpions (D:4)
  7 wights (D:6)
  A hippogriff skeleton (D:4)
  3 crimson imps (D:5)
  A hound (D:4)
  A goliath beetle (D:6)
  2 orc priests
  An iguana (D:6)
  2 orc wizards
  3 worker ants
  Ijyb (D:2)
  9 adders
  3 gnolls (D:2)
  3 giant mites
  4 worms
  2 orc skeletons
  3 giant geckos
  15 orcs
  A ball python (D:5)
  12 bats
  4 giant cockroaches
  7 goblins
  9 hobgoblins
  9 jackals
  An ooze (D:3)
  3 quokkas
  8 giant newts
  A goblin skeleton (D:5)
  A hobgoblin skeleton (D:4)
  12 kobolds
  6 rats
147 creatures vanquished.

Notes
Turn   | Place    | Note
--------------------------------------------------------------
     0 | D:1      | Kejsarherre, the Ogre Hunter, began the quest for the Orb.
     0 | D:1      | Reached XP level 1. HP: 22/22 MP: 1/1
   264 | D:1      | Reached XP level 2. HP: 26/29 MP: 2/2
   658 | D:2      | Reached XP level 3. HP: 28/36 MP: 3/3
   770 | D:2      | Reached skill level 5 in Maces & Flails
   770 | D:2      | Reached XP level 4. HP: 44/44 MP: 4/4
   927 | D:2      | Noticed Ijyb
   948 | D:2      | Killed Ijyb
   948 | D:2      | Reached skill level 6 in Maces & Flails
   948 | D:2      | Reached XP level 5. HP: 18/50 MP: 5/5
   959 | D:2      | HP: 2/50 [poisoned by an adder]
  1142 | D:2      | Found a snail-covered altar of Cheibriados.
  1384 | D:3      | Noticed a water moccasin
  1400 | D:3      | Killed a water moccasin
  1400 | D:3      | Reached skill level 5 in Throwing
  1400 | D:3      | Reached XP level 6. HP: 26/61 MP: 6/6
  1636 | D:3      | Found a shimmering altar of Xom.
  1663 | D:3      | Found a shattered altar of Ashenzari.
  1833 | D:3      | Reached skill level 7 in Maces & Flails
  2284 | D:4      | Reached XP level 7. HP: 46/68 MP: 7/7
  2309 | D:4      | Reached skill level 8 in Maces & Flails
  2627 | D:4      | Found a blossoming altar of Fedhas.
  2802 | D:4      | Found a staircase to the Ecumenical Temple.
  2939 | D:4      | Reached skill level 9 in Maces & Flails
  2992 | Temple   | Entered the Ecumenical Temple
  3034 | Temple   | Became a worshipper of Trog the Wrathful
  3341 | D:5      | Entered Level 5 of the Dungeon
  3637 | D:5      | Reached XP level 8. HP: 65/79 MP: 8/8
  3644 | D:5      | Noticed salade2fruit's ghost (experienced OgCK)
  3826 | D:5      | Killed salade2fruit's ghost
  3826 | D:5      | Reached skill level 10 in Maces & Flails
  4067 | D:5      | Found a glowing silver altar of Zin.
  4195 | D:5      | Acquired Trog's first power
  4651 | D:6      | Reached XP level 9. HP: 59/94 MP: 9/9
  4702 | D:6      | Reached skill level 11 in Maces & Flails
  4974 | D:6      | Slain by a wight

Action                   |  1- 3 |  4- 6 |  7- 9 || total
-------------------------+-------+-------+-------++-------
Melee: Club              |    32 |       |       ||    32
       Mace              |    30 |   198 |    44 ||   272
       Giant club        |       |       |    39 ||    39
       Giant spiked club |       |       |    81 ||    81
Throw: Large rock        |    10 |    28 |    49 ||    87
       Throwing net      |       |     5 |     1 ||     6
Invok: Burn Spellbooks   |       |       |     2 ||     2
  Use: Potion            |       |     2 |     1 ||     3
       Scroll            |       |       |    17 ||    17
 Stab: Held in net/web   |       |     2 |       ||     2
       Sleeping          |       |     1 |       ||     1
  Eat: Chunk             |       |     4 |    10 ||    14
